 Dungeon Crawl Stone Soup version 0.20-a0-270-g8e735b6 (webtiles) character file.

3926 Duffy the Cleaver (level 10, -5/121 HPs)
             Began as a Deep Dwarf Berserker on Dec 10, 2016.
             Was an Elder of Trog.
             Slain by an orc warlord
             ... wielding a +0 broad axe
              (26 damage)
             ... in a bailey.
             The game lasted 00:12:37 (6097 turns).

Duffy the Cleaver (Deep Dwarf Berserker)            Turns: 6097, Time: 00:12:38

Health: -5/121     AC: 17    Str: 28    XL:     10   Next: 1%
Magic:  5/5        EV:  9    Int:  9    God:    Trog [****..]
Gold:   418        SH:  0    Dex: 12    Spells: 9/9 levels left

rFire  . . .     SeeInvis .     M - +0 battleaxe
rCold  . . .     Gourm    .     p - +0 plate armour
rNeg   . . .     Faith    .     (shield currently unavailable)
rPois  .         Spirit   .     (no helmet)
rElec  .         Reflect  .     r - +0 cloak
rCorr  .         Harm     .     y - +0 pair of gloves
MR     +....                    (no boots)
Stlth  ..........               (no amulet)
                                (no ring)
                                (no ring)

@: mighty, berserking, non-regenerating, very quick
A: damage resistance, recharge devices, sense surroundings 2, slow regeneration
3
a: Device Recharging, Berserk, Trog's Hand, Brothers in Arms, Burn Spellbooks,
Renounce Religion


You were in a bailey.
You worshipped Trog.
Trog was greatly pleased with you.
You were hungry.

You visited 2 branches of the dungeon, and saw 8 of its levels.
You also visited: Bailey.

You collected 502 gold pieces.
You spent 84 gold pieces at shops.

Inventory:

Hand Weapons
 a - a +0 hand axe
 x - a +0 war axe
 A - a +2 flail of draining
 K - a +2 flail of protection
 M - a +0 battleaxe (weapon)
Missiles
 b - 8 javelins of returning (quivered)
 g - 14 tomahawks of returning
 J - 3 javelins
Armour
 p - a +0 plate armour (worn)
 r - a +0 cloak (worn)
 y - a +0 pair of gloves (worn)
Jewellery
 t - an uncursed ring of ice
Wands
 c - a wand of heal wounds (3/9)
 j - a wand of iceblast (6/15)
 q - a wand of iceblast (9/15)
 B - a wand of polymorph (11/24)
 L - a wand of digging (8/24)
Scrolls
 e - 4 scrolls of identify {unknown}
 h - 7 scrolls of enchant armour {unknown}
 i - 4 scrolls of blinking {unknown}
 l - 4 scrolls of remove curse {unknown}
 s - a scroll of immolation {unknown}
 u - a scroll of recharging {unknown}
 v - a scroll of enchant weapon {unknown}
 D - a scroll of random uselessness {unknown}
 E - a scroll of teleportation {unknown}
 H - a scroll of fog {unknown}
Potions
 f - 3 potions of might
 m - 2 potions of lignification
 n - a potion of heal wounds {unknown}
 o - a potion of berserk rage {unknown}
 w - a potion of haste {unknown}
 z - a potion of ambrosia {unknown}
 C - a potion of cure mutation {unknown}
 F - a potion of magic {unknown}
Books
 k - a book of Cantrips

   Spells                             Type                      Level
   a - Confusing Touch                Hexes                        1
   b - Animate Skeleton               Necromancy                   1
   c - Summon Small Mammal            Summoning                    1
   d - Apportation                    Translocation                1
   Trog disapproves of the use of such an item.
Comestibles
 d - 7 bread rations
 G - a beef jerky
 I - a meat ration


   Skills:
 - Level 2.6 Fighting
 + Level 11.9 Axes
 + Level 10.7 Armour
 - Level 2.1 Dodging


You had 9 spell levels left.
You didn't know any spells.

Dungeon Overview and Level Annotations

Branches:
Dungeon (7/15)             Temple (1/1) D:5

Altars:
Ashenzari
Cheibriados
Dithmenos
Elyvilon
Fedhas
Gozag
Hepliaklqana
Kikubaaqudgha
Makhleb
Nemelex Xobeh
Okawaru
Qazlal
Ru
Sif Muna
Trog
Uskayaw
Vehumet
Xom
Yredelemnul
Zin
The Shining One

Shops:
D:4 *


Innate Abilities, Weirdness & Mutations

You are resistant to damage.
You can recharge devices by infusing magical energy.
You passively map the area around you.
You do not regenerate.


Message History

The orc warrior hits you with a war axe!!
You slice the orc warlord!!
The orc warlord is heavily wounded.
Your plate armour prevents you from hitting the orc warrior.
You slash the orc warlord!
The orc warlord is severely wounded.
You closely miss the orc warrior. The orc warrior closely misses you.
The orc warlord hits you with a broad axe!
You slash the orc warlord!
The orc warlord is severely wounded.
You barely miss the orc warrior.
The orc warrior hits you with a war axe!!
You closely miss the orc warlord.
The orc warlord is severely wounded.
You slice the orc warrior!!
You kill the orc warrior!
Trog accepts your kill.
You have reached level 10!
The orc warlord hits you with a broad axe!!
You die...

,, , , , ...., , , '
...8..8. ...8... , ######
#....... #......####~~~#~~~
#......
#.....#~~#~.....|~#.....#
#....#~........!~#....##
#...##~8.8...8.8##....#.
#...'~~)........#.....'.
#...'~~@o..\...o#...%.'.
#...'~~).......o#.....'.
#...##~8.8...8.8##....#.
##....#~........?~#....##
##.....#~~#~.....[ #.....#
##......####~~~#~~ ##......
#...8......#########.%))...
#..........(((.)[(....8..8.
#..........#~~~~~#.........


You could see an orc warlord.

Vanquished Creatures
  The ghost of Zorot the Grappler, a journeyman VSMo of Cheibriados (Bailey)
  An orc knight (Bailey)
  The ghost of Kadarus the Destroyer, a novice TeFE of Vehumet (Bailey)
  Sigmund (D:6)
  Menkaure (D:4)
  Edmund (D:6)
  Duvessa (D:4)
  3 orc warriors
  2 ogres
  2 phantoms
  A centaur (D:5)
  Blork the orc (D:4)
  3 bullfrogs
  Dowan (D:4)
  A crimson imp (D:5)
  2 hounds
  A jelly (D:5)
  2 orc priests
  A centaur skeleton (D:4)
  5 iguanas
  8 orc wizards
  4 worker ants
  A hound skeleton (D:4)
  A worker ant zombie (D:5)
  2 gnolls
  12 adders
  3 oozes
  An adder zombie (D:6)
  An adder skeleton (D:4)
  A worm (D:4)
  A dart slug (D:2)
  3 leopard geckos
  14 orcs
  9 giant cockroaches
  15 goblins
  8 hobgoblins
  4 jackals
  3 quokkas
  3 ball pythons
  5 bats
  3 frilled lizards
  15 kobolds
  A leopard gecko skeleton (D:4)
  A quokka zombie (D:6)
  9 rats
160 creatures vanquished.

Notes
Turn   | Place    | Note
-------+----------+-------------------------------------------
     0 | D:1      | Duffy the Deep Dwarf Berserker began the quest for the Orb.
     0 | D:1      | Reached XP level 1. HP: 20/20 MP: 1/1
   170 | D:1      | Reached XP level 2. HP: 21/27 MP: 2/2
   178 | D:1      | Reached skill level 4 in Axes
   272 | D:1      | Reached XP level 3. HP: 6/33 MP: 3/3
   931 | D:2      | Reached ** piety under Trog
   931 | D:2      | Reached skill level 5 in Axes
   981 | D:2      | Found a shattered altar of Ashenzari.
  1412 | D:2      | Reached XP level 4. HP: 40/40 MP: 4/4
  1456 | D:2      | Found a sparkling altar of Nemelex Xobeh.
  1456 | D:2      | Found a hide-covered altar of Uskayaw.
  1881 | D:3      | Reached skill level 6 in Axes
  2004 | D:3      | Reached XP level 5. HP: 46/46 MP: 5/5
  2229 | D:4      | Noticed a phantom
  2317 | D:4      | Reached skill level 3 in Armour
  2481 | D:4      | Found Heamam's General Store.
  2493 | D:4      | Bought a potion of lignification for 42 gold pieces
  2493 | D:4      | Bought a potion of lignification for 42 gold pieces
  2530 | D:4      | Noticed Blork the orc
  2538 | D:4      | Killed Blork the orc
  2538 | D:4      | Reached skill level 4 in Armour
  2538 | D:4      | Reached XP level 6. HP: 55/55 MP: 6/6
  2764 | D:4      | Reached *** piety under Trog
  2771 | D:4      | Reached skill level 7 in Axes
  2963 | D:4      | Noticed Menkaure
  2970 | D:4      | Killed Menkaure
  2970 | D:4      | Reached skill level 5 in Armour
  2970 | D:4      | Reached XP level 7. HP: 61/61 MP: 7/7
  3141 | D:4      | Noticed Dowan
  3524 | D:4      | Noticed Duvessa
  3567 | D:4      | Killed Duvessa
  3567 | D:4      | Reached skill level 8 in Axes
  3573 | D:4      | Reached skill level 6 in Armour
  3593 | D:4      | Killed Dowan
  3648 | D:5      | Entered Level 5 of the Dungeon
  3648 | D:5      | Found a staircase to the Ecumenical Temple.
  3677 | Temple   | Entered the Ecumenical Temple
  3936 | D:5      | Reached XP level 8. HP: 35/68 MP: 7/7
  4026 | D:5      | Reached skill level 9 in Axes
  4026 | D:5      | Reached skill level 7 in Armour
  4561 | D:5      | Found a white marble altar of Elyvilon.
  4580 | D:5      | Found a glowing golden altar of the Shining One.
  4615 | D:5      | Found a radiant altar of Vehumet.
  4759 | D:5      | Found a glowing silver altar of Zin.
  5089 | D:6      | Reached skill level 8 in Armour
  5103 | D:6      | Reached skill level 10 in Axes
  5106 | D:6      | Reached **** piety under Trog
  5143 | D:6      | Noticed Edmund
  5159 | D:6      | Killed Edmund
  5159 | D:6      | Gained mutation: You passively map the area around you. [Deep Dwarf growth]
  5159 | D:6      | Reached XP level 9. HP: 54/74 MP: 8/8
  5196 | D:6      | Found a stormy altar of Qazlal.
  5198 | D:6      | Noticed Sigmund
  5206 | D:6      | Killed Sigmund
  5284 | D:6      | Reached skill level 9 in Armour
  5742 | D:7      | Found a flagged portal.
  5767 | Bailey   | Entered a bailey
  5771 | Bailey   | Noticed Kadarus's ghost (novice TeFE)
  5772 | Bailey   | Noticed an orc warlord
  5787 | Bailey   | Killed Kadarus's ghost
  5787 | Bailey   | Reached skill level 11 in Axes
  5892 | Bailey   | Noticed an orc knight
  5922 | Bailey   | Noticed Zorot's ghost (journeyman VSMo)
  5923 | Bailey   | Killed an orc knight
  5923 | Bailey   | Reached skill level 10 in Armour
  6039 | Bailey   | Killed Zorot's ghost
  6076 | Bailey   | Found a runed gate.
  6078 | Bailey   | Found a runed gate.
  6080 | Bailey   | Found a runed gate.
  6097 | Bailey   | Reached XP level 10. HP: 21/81 MP: 5/5
  6097 | Bailey   | Slain by an orc warlord

Vault maps used:
D:1:      mushboom_english_gardens, kennysheep_boxes
D:2:      kennysheep_big_flooded_room, gammafunk_temple_overflow_elements,
          ashenzari_altar_1
D:3:      corexii_shack
D:4:      serial_shops, nicolae_shop_waterfront,
          minmay_a_box_with_orc_wizards_in_it, uniq_duvessa, uniq_blork_the_orc,
          uniq_menkaure
D:5:      nicolae_overflow_quartered_altars, first_bread,
          kennysheep_generic_room_5
D:6:      nicolae_qazlal_general_emergency, kennysheep_potato, uniq_sigmund,
          uniq_edmund
D:7:      enter_bailey_3, the_bakery, nicolae_underground_beach
Temple:   eino_temple_water
Bailey:   bailey_axe_bossmonster_kennysheep, bailey

Skill      XL: |  1  2  3  4  5  6  7  8  9 |
---------------+----------------------------+-----
Axes           | 4 5 6 7 8 10 11 | 11.9
Armour         | 4 5 6 8 10 | 10.7
Fighting       | |  2.6
Dodging        | |  2.1

Action                   |  1- 3 |  4- 6 |  7- 9 | 10-12 || total
-------------------------+-------+-------+-------+-------++-------
Melee: Hand axe          |   100 |   192 |    23 |       ||   315
       War axe           |       |       |   350 |       ||   350
       Battleaxe         |       |       |     7 |       ||     7
Invok: Berserk           |     4 |    10 |    16 |       ||    30
       Brothers in Arms  |       |       |     1 |       ||     1
 Abil: Device Recharging |       |       |     5 |       ||     5
Evoke: Wand              |     1 |     3 |    22 |       ||    26
  Use: Potion            |       |       |     2 |       ||     2
  Eat: Chunk             |     4 |    14 |    20 |       ||    38
       Beef jerky        |       |     1 |       |       ||     1
       Bread ration      |       |       |     1 |       ||     1
       Royal jelly       |       |       |     1 |       ||     1
Armor: Animal skin       |    22 |       |       |       ||    22
       Ring mail         |     4 |       |       |       ||     4
       Scale mail        |     1 |    17 |       |       ||    18
       Plate armour      |       |   113 |   235 |       ||   348
       Skin              |       |     1 |    17 |       ||    18
Dodge: Dodged            |    69 |    88 |   141 |       ||   298
